| TOP OF THE 1ST |
|
Connecticut Tigers batting - Pitching for Los Angeles (NYP) Angels : LHP Si-hun Yi
|
|
Pitching: LHP Si-hun Yi
|
|
|
Batting: RHB Sam Saunders
|
0-0: Ball 1-0: Ball 2-0: Ball 3-0: Base on Balls
|
|
Batting: RHB Tony Nunez
|
0-0: Ball 1-0: Ball 2-0: Ball 3-0: Called Strike 3-1: Base on Balls Sam Saunders to second
|
|
Batting: RHB Josh Lyon
|
0-0: Swinging Strike 0-1: Ball 1-1: Swinging Strike 1-2: Strikes out swinging
|
|
Batting: RHB Yaremka Rzhevsky
|
0-0: Ball 1-0: Ball 2-0: Ball 3-0: Called Strike 3-1: Base on Balls Sam Saunders to third Tony Nunez to second
|
|
Batting: LHB Jon Pedlar
|
0-0: Ball 1-0: Ball Wild Pitch! Sam Saunders scores Tony Nunez to third Yaremka Rzhevsky to second 2-0: SINGLE (Groundball, 3D, EV 95.6 MPH) Tony Nunez scores Yaremka Rzhevsky to third Runner from 3rd tries for Home, SAFE, throw by RF to home
|
|
Batting: LHB Steve Herrera
|
0-0: Called Strike 0-1: Ball 1-1: Foul Ball, location: 2F 1-2: Ball 2-2: Foul Ball, location: 2F 2-2: Ball 3-2: Strikes out swinging
|
|
Batting: RHB Brandon Everett
|
0-0: Ball 1-0: SINGLE (Line Drive, 5D, EV 110.0 MPH) Jon Pedlar to second
|
|
Batting: LHB Ryan Adams
|
0-0: Ball 1-0: Called Strike 1-1: Foul Ball, location: 2F 1-2: Fielders Choice at 2nd, 6-4 (Groundball, 6, EV 88.1 MPH)
|
| Top of the 1st over - 3 runs, 2 hits, 0 errors, 2 left on base; Connecticut 3 - Los Angeles (NYP) 0 |
| BOTTOM OF THE 1ST |
|
Los Angeles (NYP) Angels batting - Pitching for Connecticut Tigers : LHP Randolph Main
|
|
Pitching: LHP Randolph Main
|
|
|
Batting: RHB Ivan Barrientos
|
0-0: Called Strike 0-1: Called Strike 0-2: Ball 1-2: Strikes out swinging
|
|
Batting: RHB Joe Hewitt
|
0-0: Ground out 4-3 (Groundball, 4, EV 81.9 MPH)
|
|
Batting: RHB Juan Rosa
|
0-0: Ball 1-0: Ball 2-0: Called Strike 2-1: Called Strike 2-2: Strikes out swinging
|
| Bottom of the 1st over - 0 runs, 0 hits, 0 errors, 0 left on base; Connecticut 3 - Los Angeles (NYP) 0 |
| TOP OF THE 2ND |
|
Connecticut Tigers batting - Pitching for Los Angeles (NYP) Angels : LHP Si-hun Yi
|
|
Batting: LHB Isao Fukui
|
0-0: Fly out, F9 (Line Drive, 9LS, EV 94.4 MPH)
|
|
Batting: RHB Sam Saunders
|
0-0: Foul Ball, location: 2F 0-1: Ball 1-1: Ball 2-1: Ball 3-1: Base on Balls
|
|
Batting: RHB Tony Nunez
|
0-0: Called Strike Sam Saunders steals 2nd base 0-1: Ball 1-1: Foul Ball, location: 2F 1-2: Ball 2-2: Ball 3-2: Fly out, F9 (Line Drive, 9, EV 95.0 MPH)
|
|
Batting: RHB Josh Lyon
|
0-0: Ball 1-0: Fly out, F7 (Line Drive, 78D, EV 91.2 MPH)
|
| Top of the 2nd over - 0 runs, 0 hits, 0 errors, 1 left on base; Connecticut 3 - Los Angeles (NYP) 0 |
| BOTTOM OF THE 2ND |
|
Los Angeles (NYP) Angels batting - Pitching for Connecticut Tigers : LHP Randolph Main
|
|
Batting: RHB Dan Burkhart
|
0-0: Foul Ball, location: 2F 0-1: Called Strike 0-2: Ball 1-2: Foul Ball, location: 2F 1-2: Ball 2-2: Ball 3-2: Base on Balls
|
|
Batting: RHB Aaron Bryant
|
0-0: Ball 1-0: Foul Ball, location: 2F 1-1: Ball Dan Burkhart steals 2nd base 2-1: Ground out 5-3 (Groundball, 56, EV 85.0 MPH)
|
|
Batting: RHB Arnaud Derosiers
|
0-0: Called Strike 0-1: Ball 1-1: Ball 2-1: Ball 3-1: Base on Balls
|
|
Batting: RHB David Rhodes
|
0-0: Called Strike 0-1: Foul Ball, location: 2F 0-2: Fielders Choice at 2nd, 5-4 (Groundball, 56, EV 106.9 MPH) Dan Burkhart to third
|
|
Batting: LHB Bill Girton
|
0-0: Ball 1-0: Swinging Strike 1-1: Ball 2-1: Swinging Strike 2-2: Foul Ball, location: 2F 2-2: Strikes out looking
|
| Bottom of the 2nd over - 0 runs, 0 hits, 0 errors, 2 left on base; Connecticut 3 - Los Angeles (NYP) 0 |
| TOP OF THE 3RD |
|
Connecticut Tigers batting - Pitching for Los Angeles (NYP) Angels : LHP Si-hun Yi
|
|
Batting: RHB Yaremka Rzhevsky
|
0-0: Ball 1-0: Ball 2-0: Called Strike 2-1: Foul Ball, location: 2F 2-2: Ball 3-2: Strikes out swinging
|
|
Batting: LHB Jon Pedlar
|
0-0: Called Strike 0-1: Ball 1-1: SINGLE (Groundball, 6D, EV 106.9 MPH)
|
|
Batting: LHB Steve Herrera
|
0-0: Swinging Strike 0-1: Swinging Strike 0-2: Strikes out swinging
|
|
Batting: RHB Brandon Everett
|
0-0: Foul Ball, location: 2F 0-1: Ball 1-1: Foul Ball, location: 2F 1-2: Reached on error, E6 (Groundball, 6, EV 83.1 MPH) Jon Pedlar to second
|
|
Batting: LHB Ryan Adams
|
0-0: Called Strike 0-1: Ground out 4-3 (Groundball, 4, EV 100.6 MPH)
|
| Top of the 3rd over - 0 runs, 1 hit, 1 error, 2 left on base; Connecticut 3 - Los Angeles (NYP) 0 |
| BOTTOM OF THE 3RD |
|
Los Angeles (NYP) Angels batting - Pitching for Connecticut Tigers : LHP Randolph Main
|
|
Batting: RHB Ron Major
|
0-0: Foul Ball, location: 2F 0-1: Ground out 6-3 (Groundball, 6M, EV 79.4 MPH)
|
|
Batting: RHB Ivan Barrientos
|
0-0: Ball 1-0: Ball 2-0: SINGLE (Groundball, 5S, EV 63.1 MPH) (infield hit)
|
|
Batting: RHB Joe Hewitt
|
0-0: Called Strike 0-1: Ball 1-1: Ball Ivan Barrientos is caught stealing 2nd base 2-4 2-1: Called Strike 2-2: Foul Ball, location: 2F 2-2: Foul Ball, location: 2F 2-2: Ground out 4-3 (Groundball, 4, EV 84.4 MPH)
|
| Bottom of the 3rd over - 0 runs, 1 hit, 0 errors, 0 left on base; Connecticut 3 - Los Angeles (NYP) 0 |
| TOP OF THE 4TH |
|
Connecticut Tigers batting - Pitching for Los Angeles (NYP) Angels : LHP Si-hun Yi
|
|
Batting: LHB Isao Fukui
|
0-0: Ball 1-0: Swinging Strike 1-1: Foul Ball, location: 2F 1-2: Ball 2-2: Foul Ball, location: 2F 2-2: Strikes out swinging
|
|
Batting: RHB Sam Saunders
|
0-0: Called Strike 0-1: Ball 1-1: Ball 2-1: SINGLE (Groundball, 56D, EV 93.8 MPH)
|
|
Pitching: RHP Victor Padilla
|
|
|
Batting: RHB Tony Nunez
|
0-0: Called Strike Sam Saunders steals 2nd base 0-1: Called Strike Sam Saunders steals 3rd base 0-2: Strikes out swinging
|
|
Batting: RHB Josh Lyon
|
0-0: Called Strike 0-1: Ball 1-1: Foul Ball, location: 2F 1-2: Strikes out swinging
|
| Top of the 4th over - 0 runs, 1 hit, 0 errors, 1 left on base; Connecticut 3 - Los Angeles (NYP) 0 |
| BOTTOM OF THE 4TH |
|
Los Angeles (NYP) Angels batting - Pitching for Connecticut Tigers : LHP Randolph Main
|
|
Batting: RHB Juan Rosa
|
0-0: Ball 1-0: Ball 2-0: Called Strike 2-1: Called Strike 2-2: Ball 3-2: Strikes out swinging
|
|
Batting: RHB Dan Burkhart
|
0-0: Ball 1-0: Foul Ball, location: 2F 1-1: Called Strike 1-2: Ball 2-2: Ball 3-2: Base on Balls
|
|
Batting: RHB Aaron Bryant
|
0-0: Called Strike 0-1: Ball 1-1: Ball 2-1: Ball Wild Pitch! Dan Burkhart to second 3-1: Foul Ball, location: 2F 3-2: Foul Ball, location: 2F 3-2: SINGLE (Groundball, 4D, EV 94.4 MPH) Dan Burkhart to third
|
|
Batting: RHB Arnaud Derosiers
|
0-0: Ball 1-0: Ball 2-0: Called Strike 2-1: Ball 3-1: Base on Balls Aaron Bryant to second
|
|
Batting: RHB David Rhodes
|
0-0: Ball 1-0: Foul Ball, location: 2F 1-1: Ball 2-1: SINGLE (Groundball, 34D, EV 106.9 MPH) Dan Burkhart scores Aaron Bryant to third Arnaud Derosiers to second
|
|
Batting: LHB Bill Girton
|
0-0: Called Strike 0-1: Grounds into fielders choice 3-2 (Groundball, 3L, EV 81.2 MPH) Arnaud Derosiers to third David Rhodes to second
|
|
Batting: RHB Ron Major
|
0-0: Ball 1-0: Called Strike 1-1: Ball 2-1: Ball 3-1: Base on Balls Arnaud Derosiers scores David Rhodes to third Bill Girton to second
|
|
Pitching: RHP Sho Sekine
|
|
|
Batting: RHB Ivan Barrientos
|
0-0: Fly out, F9 (Flyball, 9D, EV 107.5 MPH)
|
| Bottom of the 4th over - 2 runs, 2 hits, 0 errors, 3 left on base; Connecticut 3 - Los Angeles (NYP) 2 |
| TOP OF THE 5TH |
|
Connecticut Tigers batting - Pitching for Los Angeles (NYP) Angels : RHP Victor Padilla
|
|
Batting: RHB Yaremka Rzhevsky
|
0-0: Called Strike 0-1: Fly out, F9 (Flyball, 89D, EV 91.9 MPH)
|
|
Batting: LHB Jon Pedlar
|
0-0: Ground out 4-3 (Groundball, 4, EV 83.1 MPH)
|
|
Batting: LHB Steve Herrera
|
0-0: Ball 1-0: Called Strike 1-1: Called Strike 1-2: Foul Ball, location: 2F 1-2: Ball 2-2: Ball 3-2: Strikes out swinging, 2-3 out at first.
|
| Top of the 5th over - 0 runs, 0 hits, 0 errors, 0 left on base; Connecticut 3 - Los Angeles (NYP) 2 |
| BOTTOM OF THE 5TH |
|
Los Angeles (NYP) Angels batting - Pitching for Connecticut Tigers : RHP Sho Sekine
|
|
Batting: RHB Joe Hewitt
|
0-0: Ground out 4-3 (Groundball, 4, EV 81.2 MPH)
|
|
Batting: RHB Juan Rosa
|
0-0: Called Strike 0-1: Fly out, F7 (Flyball, 78S, EV 90.0 MPH)
|
|
Batting: RHB Dan Burkhart
|
0-0: Called Strike 0-1: Hit by Pitch
|
|
Batting: RHB Aaron Bryant
|
0-0: Ball 1-0: Foul Ball, location: 2F 1-1: Foul Ball, location: 2F 1-2: Ball 2-2: Strikes out looking
|
| Bottom of the 5th over - 0 runs, 0 hits, 0 errors, 1 left on base; Connecticut 3 - Los Angeles (NYP) 2 |
| TOP OF THE 6TH |
|
Connecticut Tigers batting - Pitching for Los Angeles (NYP) Angels : RHP Victor Padilla
|
|
Batting: RHB Brandon Everett
|
0-0: Ball 1-0: Foul Ball, location: 2F 1-1: Ball 2-1: Fly out, F7 (Flyball, 78M, EV 90.0 MPH)
|
|
Batting: LHB Ryan Adams
|
0-0: Ball 1-0: Called Strike 1-1: Ball 2-1: Ball 3-1: Foul Ball, location: 2F 3-2: Base on Balls
|
|
Pitching: RHP Troy Ingram
|
|
|
Batting: LHB Isao Fukui
|
0-0: Grounds into double play, 4-6-3 (Groundball, 34, EV 88.1 MPH)
|
| Top of the 6th over - 0 runs, 0 hits, 0 errors, 0 left on base; Connecticut 3 - Los Angeles (NYP) 2 |
| BOTTOM OF THE 6TH |
|
Los Angeles (NYP) Angels batting - Pitching for Connecticut Tigers : RHP Sho Sekine
|
|
Batting: RHB Arnaud Derosiers
|
0-0: Ground out 3-1 (Groundball, 34, EV 83.8 MPH)
|
|
Batting: RHB David Rhodes
|
0-0: Foul Ball, location: 2F 0-1: Ball 1-1: Ball 2-1: Ball 3-1: Base on Balls
|
|
Batting: LHB Bill Girton
|
0-0: Ball 1-0: Ball 2-0: Foul Ball, location: 2F 2-1: Swinging Strike 2-2: Ball 3-2: Strikes out swinging
|
|
Pinch Hitting: RHB Kyle Gray
|
0-0: Ball Wild Pitch! David Rhodes to second 1-0: Ball 2-0: Ball 3-0: Called Strike 3-1: Base on Balls
|
|
Batting: RHB Ivan Barrientos
|
0-0: Called Strike 0-1: Foul Ball, location: 2F 0-2: Ball 1-2: Ground out 4-3 (Groundball, 4, EV 86.9 MPH)
|
| Bottom of the 6th over - 0 runs, 0 hits, 0 errors, 2 left on base; Connecticut 3 - Los Angeles (NYP) 2 |
| TOP OF THE 7TH |
|
Connecticut Tigers batting - Pitching for Los Angeles (NYP) Angels : RHP Troy Ingram
|
|
Now at 3B: Yuya Hirata
|
|
|
Batting: RHB Sam Saunders
|
0-0: Swinging Strike 0-1: Foul Ball, location: 2F 0-2: Foul Ball, location: 2F 0-2: Strikes out swinging
|
|
Batting: RHB Tony Nunez
|
0-0: Ball 1-0: Called Strike 1-1: Called Strike 1-2: Strikes out swinging
|
|
Batting: RHB Josh Lyon
|
0-0: Ball 1-0: Swinging Strike 1-1: Ball 2-1: Ball 3-1: Foul Ball, location: 2F 3-2: Foul Ball, location: 2F 3-2: Base on Balls
|
|
Batting: RHB Yaremka Rzhevsky
|
0-0: Called Strike 0-1: Ball 1-1: Ball 2-1: Ball Josh Lyon steals 2nd, throwing error, E2 Josh Lyon to third 3-1: Called Strike 3-2: Foul Ball, location: 2F 3-2: Base on Balls
|
|
Pitching: RHP Kunihiro Sasaki
|
|
|
Batting: LHB Jon Pedlar
|
0-0: Swinging Strike 0-1: Ground out 4-3 (Groundball, 4, EV 79.4 MPH)
|
| Top of the 7th over - 0 runs, 0 hits, 1 error, 2 left on base; Connecticut 3 - Los Angeles (NYP) 2 |
| BOTTOM OF THE 7TH |
|
Los Angeles (NYP) Angels batting - Pitching for Connecticut Tigers : RHP Sho Sekine
|
|
Pitching: LHP Satoru Mori
|
|
|
Batting: RHB Joe Hewitt
|
0-0: Ground out 4-3 (Groundball, 34, EV 81.9 MPH)
|
|
Batting: RHB Juan Rosa
|
0-0: Ball 1-0: Ball 2-0: Ball 3-0: Base on Balls
|
|
Batting: RHB Dan Burkhart
|
0-0: Ball 1-0: Called Strike 1-1: Swinging Strike 1-2: Fly out, F8 (Flyball, 8RS, EV 88.8 MPH)
|
|
Batting: RHB Aaron Bryant
|
0-0: Ball 1-0: Called Strike 1-1: Ball 2-1: Ball 3-1: Base on Balls Juan Rosa to second
|
|
Batting: RHB Arnaud Derosiers
|
0-0: Foul Ball, location: 2F 0-1: Ball 1-1: Ball Wild Pitch! Juan Rosa to third Aaron Bryant to second 2-1: Foul Ball, location: 2F 2-2: Ball 3-2: Foul Ball, location: 2F 3-2: Base on Balls
|
|
Batting: RHB David Rhodes
|
0-0: Foul Ball, location: 2F 0-1: Ball 1-1: Called Strike 1-2: Ball 2-2: Ball 3-2: Foul Ball, location: 2F 3-2: Base on Balls Juan Rosa scores Aaron Bryant to third Arnaud Derosiers to second
|
|
Pinch Hitting: RHB Dean LeCroy
|
0-0: Ball 1-0: Ball 2-0: Ball 3-0: Called Strike 3-1: Foul Ball, location: 2F 3-2: Foul Ball, location: 2F 3-2: Ground out 5-3 (Groundball, 56, EV 108.1 MPH)
|
| Bottom of the 7th over - 1 run, 0 hits, 0 errors, 3 left on base; Connecticut 3 - Los Angeles (NYP) 3 |
| TOP OF THE 8TH |
|
Connecticut Tigers batting - Pitching for Los Angeles (NYP) Angels : RHP Kunihiro Sasaki
|
|
Now in RF: Dean LeCroy
|
|
|
Batting: LHB Steve Herrera
|
0-0: Foul Ball, location: 2F 0-1: Ball 1-1: SINGLE (Groundball, 25, EV 70.0 MPH) (infield hit)
|
|
Batting: RHB Brandon Everett
|
0-0: Foul Ball, location: 2F 0-1: Grounds into double play, 6-4-3 (Groundball, 6, EV 101.9 MPH)
|
|
Batting: LHB Ryan Adams
|
0-0: Ball 1-0: Called Strike 1-1: Ball 2-1: Swinging Strike 2-2: Strikes out looking
|
| Top of the 8th over - 0 runs, 1 hit, 0 errors, 0 left on base; Connecticut 3 - Los Angeles (NYP) 3 |
| BOTTOM OF THE 8TH |
|
Los Angeles (NYP) Angels batting - Pitching for Connecticut Tigers : LHP Satoru Mori
|
|
Batting: SHB Yuya Hirata
|
0-0: DOUBLE (Line Drive, 78D, EV 102.5 MPH)
|
|
Pitching: RHP Bert Hernandez
|
|
|
Batting: RHB Ivan Barrientos
|
0-0: Ball 1-0: Fly out, F9 (Flyball, 9D, EV 98.8 MPH)
|
|
Batting: RHB Joe Hewitt
|
0-0: Swinging Strike 0-1: Called Strike 0-2: Fly out, F9 (Flyball, 89S, EV 85.0 MPH)
|
|
Batting: RHB Juan Rosa
|
0-0: Called Strike 0-1: Foul Ball, location: 2F 0-2: Ball 1-2: Ball 2-2: Ground out 5-3 (Groundball, 56, EV 98.8 MPH)
|
| Bottom of the 8th over - 0 runs, 1 hit, 0 errors, 1 left on base; Connecticut 3 - Los Angeles (NYP) 3 |
| TOP OF THE 9TH |
|
Connecticut Tigers batting - Pitching for Los Angeles (NYP) Angels : RHP Kunihiro Sasaki
|
|
Pitching: RHP Matt Doherty
|
|
|
Batting: LHB Isao Fukui
|
0-0: Called Strike 0-1: Ball 1-1: Ground out 4-3 (Groundball, 4, EV 82.5 MPH)
|
|
Batting: RHB Sam Saunders
|
0-0: Ball 1-0: Swinging Strike 1-1: Swinging Strike 1-2: Ball 2-2: Fly out, F7 (Flyball, 7LS, EV 85.6 MPH)
|
|
Batting: RHB Tony Nunez
|
0-0: Ground out U3 (Groundball, 34, EV 84.4 MPH)
|
| Top of the 9th over - 0 runs, 0 hits, 0 errors, 0 left on base; Connecticut 3 - Los Angeles (NYP) 3 |
| BOTTOM OF THE 9TH |
|
Los Angeles (NYP) Angels batting - Pitching for Connecticut Tigers : RHP Bert Hernandez
|
|
Batting: RHB Dan Burkhart
|
0-0: Called Strike 0-1: Swinging Strike 0-2: Ground out 5-3 (Groundball, 56, EV 106.2 MPH)
|
|
Batting: RHB Aaron Bryant
|
0-0: Foul Ball, location: 2F 0-1: Ball 1-1: Foul Ball, location: 2F 1-2: Ball 2-2: Ball 3-2: Base on Balls
|
|
Batting: RHB Arnaud Derosiers
|
Pickoff Throw to First - Out! 1-3
|
|
Pinch Hitting: LHB Mario Anguiano
|
0-0: Ball 1-0: Fly out, F3 (Popup, 3SF, EV 75.0 MPH)
|
| Bottom of the 9th over - 0 runs, 0 hits, 0 errors, 0 left on base; Connecticut 3 - Los Angeles (NYP) 3 |
| TOP OF THE 10TH |
|
Connecticut Tigers batting - Pitching for Los Angeles (NYP) Angels : RHP Matt Doherty
|
|
Now at 1B: Mario Anguiano
|
|
|
Batting: RHB Josh Lyon
|
0-0: Ball 1-0: Ball 2-0: Ball 3-0: Base on Balls
|
|
Batting: RHB Yaremka Rzhevsky
|
0-0: Ball 1-0: Called Strike 1-1: Fielders Choice at 2nd, 5-4 (Groundball, 5L, EV 91.2 MPH)
|
|
Batting: LHB Jon Pedlar
|
0-0: Ball Yaremka Rzhevsky steals 2nd, throwing error, E2 Yaremka Rzhevsky to third 1-0: Called Strike 1-1: Ball 2-1: Ball 3-1: Foul Ball, location: 2F 3-2: Strikes out swinging
|
|
Batting: LHB Steve Herrera
|
0-0: Ball 1-0: Ball 2-0: Ball 3-0: Called Strike 3-1: Base on Balls
|
|
Batting: RHB Brandon Everett
|
0-0: Foul Ball, location: 2F 0-1: Ball 1-1: Ball 2-1: Swinging Strike 2-2: Strikes out swinging
|
| Top of the 10th over - 0 runs, 0 hits, 1 error, 2 left on base; Connecticut 3 - Los Angeles (NYP) 3 |
| BOTTOM OF THE 10TH |
|
Los Angeles (NYP) Angels batting - Pitching for Connecticut Tigers : RHP Bert Hernandez
|
|
Pitching: RHP Rich Nunez
|
|
|
Batting: RHB David Rhodes
|
0-0: Called Strike 0-1: Fly out, F7 (Flyball, 7, EV 83.8 MPH)
|
|
Batting: RHB Dean LeCroy
|
0-0: Called Strike 0-1: Fly out, F8 (Flyball, 8RD, EV 89.4 MPH)
|
|
Batting: SHB Yuya Hirata
|
0-0: Ball 1-0: Ball 2-0: Ball 3-0: Foul Ball, location: 2F 3-1: DOUBLE (Line Drive, 9LD, EV 110.0 MPH)
|
|
Batting: RHB Ivan Barrientos
|
0-0: Called Strike 0-1: Swinging Strike 0-2: Foul Ball, location: 2F 0-2: Ball 1-2: Ball 2-2: Strikes out swinging
|
| Bottom of the 10th over - 0 runs, 1 hit, 0 errors, 1 left on base; Connecticut 3 - Los Angeles (NYP) 3 |
| TOP OF THE 11TH |
|
Connecticut Tigers batting - Pitching for Los Angeles (NYP) Angels : RHP Matt Doherty
|
|
Batting: LHB Ryan Adams
|
0-0: Called Strike 0-1: Called Strike 0-2: Ground out 4-3 (Groundball, 4, EV 81.9 MPH)
|
|
Batting: LHB Isao Fukui
|
0-0: Foul Ball, location: 2F 0-1: Fly out, F9 (Line Drive, 9, EV 83.8 MPH)
|
|
Batting: RHB Sam Saunders
|
0-0: Ball 1-0: Ball 2-0: Ball 3-0: Called Strike 3-1: Called Strike 3-2: Strikes out swinging
|
| Top of the 11th over - 0 runs, 0 hits, 0 errors, 0 left on base; Connecticut 3 - Los Angeles (NYP) 3 |
| BOTTOM OF THE 11TH |
|
Los Angeles (NYP) Angels batting - Pitching for Connecticut Tigers : RHP Rich Nunez
|
|
Batting: RHB Joe Hewitt
|
0-0: Ball 1-0: Ball 2-0: Reached on error, E6 (Groundball, 4MS, EV 86.2 MPH)
|
|
Batting: RHB Juan Rosa
|
0-0: Called Strike 0-1: Ball 1-1: Ball 2-1: Foul Ball, location: 2F 2-2: Ball 3-2: Foul Ball, location: 2F 3-2: Base on Balls Joe Hewitt to second
|
|
Pitching: LHP Estêvão Cavadas
|
|
|
Batting: RHB Dan Burkhart
|
0-0: Ball 1-0: Swinging Strike 1-1: Foul Ball, location: 2F 1-2: Foul Ball, location: 2F 1-2: Ball 2-2: Ball 3-2: Strikes out swinging
|
|
Batting: RHB Aaron Bryant
|
0-0: Swinging Strike 0-1: Foul Ball, location: 2F 0-2: Fielders Choice at 2nd, 6-4 (Groundball, 6, EV 78.1 MPH) Joe Hewitt to third
|
|
Pinch Hitting: RHB Scott Webb
|
0-0: Ball 1-0: Fielders Choice at 2nd, 6-4 (Groundball, 6, EV 81.2 MPH)
|
| Bottom of the 11th over - 0 runs, 0 hits, 1 error, 2 left on base; Connecticut 3 - Los Angeles (NYP) 3 |
| TOP OF THE 12TH |
|
Connecticut Tigers batting - Pitching for Los Angeles (NYP) Angels : RHP Matt Doherty
|
|
Pitching: LHP Paul Griffin
|
|
|
Now at 1B: Joe Hewitt
|
|
|
Now in LF: Davey Verhoog
|
|
|
Batting: RHB Tony Nunez
|
0-0: Called Strike 0-1: Foul Ball, location: 2F 0-2: Foul Ball, location: 2F 0-2: Ground out 4-3 (Groundball, 4, EV 106.9 MPH)
|
|
Batting: RHB Josh Lyon
|
0-0: Ball 1-0: Called Strike 1-1: SINGLE (Line Drive, 56, EV 95.6 MPH)
|
|
Batting: RHB Yaremka Rzhevsky
|
0-0: Ball 1-0: SINGLE (Groundball, 56D, EV 110.6 MPH) Josh Lyon to second
|
|
Batting: LHB Jon Pedlar
|
0-0: Ball 1-0: Fly out, F7 (Flyball, 78M, EV 98.1 MPH)
|
|
Batting: LHB Steve Herrera
|
0-0: Ball 1-0: Swinging Strike 1-1: Foul Ball, location: 2F 1-2: Ball 2-2: Strikes out swinging
|
| Top of the 12th over - 0 runs, 2 hits, 0 errors, 2 left on base; Connecticut 3 - Los Angeles (NYP) 3 |
| BOTTOM OF THE 12TH |
|
Los Angeles (NYP) Angels batting - Pitching for Connecticut Tigers : LHP Estêvão Cavadas
|
|
Batting: RHB David Rhodes
|
0-0: Ball 1-0: Ball 2-0: Called Strike 2-1: Foul Ball, location: 2F 2-2: SINGLE (Groundball, 4MS, EV 72.5 MPH) (infield hit)
|
|
Batting: RHB Dean LeCroy
|
0-0: Foul Ball, location: 2F 0-1: Foul Ball, location: 2F 0-2: Ball Passed Ball! David Rhodes to second 1-2: Foul Ball, location: 2F 1-2: Foul Ball, location: 2F Balk! David Rhodes to third 1-2: Ball 2-2: Ball 3-2: Intentional Walk
|
|
Batting: SHB Yuya Hirata
|
0-0: Fielders Choice at home, 5-2 (Groundball, 56S, EV 86.9 MPH) Dean LeCroy to second
|
|
Batting: RHB Ivan Barrientos
|
0-0: Foul Ball, location: 2F 0-1: Called Strike 0-2: Strikes out swinging
|
|
Batting: RHB Joe Hewitt
|
0-0: Called Strike 0-1: Ball 1-1: Foul Ball, location: 2F 1-2: Foul Ball, location: 2F 1-2: SINGLE (Groundball, 6MD, EV 103.8 MPH) Dean LeCroy to third Yuya Hirata to second Runner from 3rd tries for Home, SAFE, throw by CF to home
|
| Bottom of the 12th over - 1 run, 2 hits, 0 errors, 2 left on base; Connecticut 3 - Los Angeles (NYP) 4 |
|